 Dungeon Crawl Stone Soup version 0.31-a0-1001-g770356a28f (webtiles) character file.

Game seed: 3103485271097681775

16354 Maratek the Marksdraconian (level 12, -4/107 HPs)
             Began as a Green Draconian Hunter on Nov 8, 2023.
             Was an Elder of Dithmenos.
             Killed by an exploding polar bear (33 damage)
             ... ignited by their inner flame
             ... in an ice cave.
             The game lasted 00:21:57 (9439 turns).

Maratek the Marksdraconian (Green Draconian Hunter) Turns: 9439, Time: 00:21:59

Health: -4/107     AC: 16    Str: 15    XL:     12   Next: 9%
Magic:  12/12      EV: 15    Int: 10    God:    Dithmenos [****..]
Gold:   862        SH:  0    Dex: 18    Spells: 11/11 levels left

rFire   . . .        q - +0 arbalest
rCold   . . .        (shield currently unavailable)
rNeg    . . .        (body armour unavailable)
rPois   +            (helmet restricted)
rElec   .            d - +1 cloak
rCorr   +            h - +1 pair of gloves "Beru" {-Tele Fly rPois rCorr}
SInv    .            (no boots)
Will    .....        f - amulet of magic regeneration
Stlth   ++++         n - ring of wizardry
HPRegen 0.37/turn    g - +4 ring of protection
MPRegen 0.53/turn

%: no teleportation, wizardry (x1)
@: short of breath, flying, wreathed by umbra
A: breathe noxious fumes, AC +8, unfitting armour, poison resistance,
cold-blooded
a: Breathe Noxious Fumes, Renounce Religion, Shadow Step


You were in an ice cave.
You worshipped Dithmenos.
Dithmenos was greatly pleased with you.
You visited 2 branches of the dungeon, and saw 12 of its levels.
You also visited: Ice Cave.

You collected 862 gold pieces.

Inventory:

Hand Weapons
 q - a +0 arbalest (weapon)
Armour
 d - a +1 cloak (worn)
 h - the +1 pair of gloves "Beru" (worn) {-Tele Fly rPois rCorr}
   (You found it on level 3 of the Dungeon)

   rPois:     It protects you from poison Fly: It grants you flight.
   -Tele:     It prevents most forms of teleportation.
   rCorr:     It protects you from acid and corrosion.
Jewellery
 f - an amulet of magic regeneration (around neck)
 g - a +4 ring of protection (right hand)
 n - a ring of wizardry (left hand)
 v - a ring of magical power
Wands
 e - a wand of charming (5)
 m - a wand of flame (20)
 s - a wand of digging (2)
 u - a wand of iceblast (6)
Scrolls
 b - 4 scrolls of teleportation
 i - 3 scrolls of identify
 k - 3 scrolls of fear
 o - 2 scrolls of amnesia
 p - 2 scrolls of revelation
 w - a scroll of vulnerability
 y - 2 scrolls of immolation
Potions
 a - a potion of berserk rage
 c - 2 potions of enlightenment
 l - 2 potions of cancellation
 r - 2 potions of resistance
 t - 2 potions of brilliance
 x - 8 potions of ambrosia
 z - a potion of curing


   Skills:
 + Level 10.3 Fighting
 + Level 15.1 Ranged Weapons
 + Level 5.9 Dodging
 + Level 3.5 Stealth


You had 11 spell levels left.
You didn't know any spells.
Your spell library contained the following spells:

 Spells                   Type           Power      Damage    Failure   Level
 Apportation              Tloc           0%         N/A       16%         1
 Necrotise                Necr           0%         1d4       16%         1
 Summon Small Mammal      Summ           0%         N/A       16%         1
 Blink                    Tloc           0%         N/A       22%         2
 Hailstorm                Conj/Ice       0%         3d3       41%         3
 Manifold Assault         Tloc           0%         N/A       80%         4
 Summon Ice Beast         Ice/Summ       0%         N/A       80%         4
 Simulacrum               Ice/Necr       0%         N/A       100%        6


Dungeon Overview and Level Annotations

Branches:
Dungeon (11/15)            Temple (1/1) D:7            Lair (0/5) D:9
    Orc (0/2) D:9           IceCv (1/1)

Altars:
Ashenzari
Cheibriados
Dithmenos
Elyvilon
Fedhas
Gozag
Hepliaklqana
Kikubaaqudgha
Makhleb
Nemelex Xobeh
Okawaru
Qazlal
Ru
Sif Muna
Trog
Uskayaw
Vehumet
Wu Jian
Xom
Yredelemnul
Zin
The Shining One

Shops:
D:3 [(:([   D:11 (


Innate Abilities, Weirdness & Mutations

You can breathe blasts of noxious fumes.
Your lurid green scales are hard. (AC +8)
You cannot fit into any form of body armour.
Your system is resistant to poisons. (rPois)
You are cold-blooded and may be slowed by cold attacks.


Message History

You feel much better. The polar bear bites you!!
* * * LOW HITPOINT WARNING * * *
The polar bear barely misses you. x2; The yak gores you but does no damage.
The polar bear bites you but does no damage.
The polar bear closely misses you.
The polar bear claws you but does no damage.
Read: 4 scrolls of fear
Press: ? - help, Q - select action, (/) - cycle Dir - look around, f - activate Look: a polar bear (inner flame, umbra, chance to affect: 97%)
As you read the scroll of fear, it crumbles to dust.
You assume a fearsome visage.
The polar bear is unaffected.
The polar bear looks frightened!
The yak looks frightened!
The polar bear bites you!
* * * LOW HITPOINT WARNING * * *
The polar bear claws you.
* * * LOW HITPOINT WARNING * * *
The polar bear barely misses you. The polar bear misses you. x2
The polar bear claws you but does no damage.
You have got your breath back.
The polar bear bites you but does no damage.
The polar bear claws you.
* * * LOW HITPOINT WARNING * * *
The polar bear misses you. The polar bear barely misses you.
The polar bear misses you. x2
You feel much better. The polar bear barely misses you.
The polar bear claws you but does no damage.
The polar bear closely misses you.
Aiming: Breathe Noxious Fumes (2% risk of failure)
Press: ? - help, Q - select action, (/) - cycle Shift-Dir - straight line, f - polar bear
Aim: a polar bear (almost dead, berserk, inner flame, umbra, 74% to hit)
You exhale a blast of noxious fumes.
The blast of choking fumes hits the polar bear.
Flame seeps out of the polar bear.
The polar bear is almost dead.
The polar bear is engulfed in blazing flames.
Dithmenos accepts your kill.
The polar bear explodes!
The fiery explosion engulfs you!!
You die...

#.∩.#
#...#
#...##
##...#
#...##
##..#
##.##
#..##
##@§##
##○.##
#..☼.#
#.#..##
##..##
#†Y##
#...
#..#
#..


There were no monsters in sight!

Vanquished Creatures
  3 two-headed ogres
  Sonja (D:10)
  Lodul (D:10)
  2 cyclopes (D:11)
  Psyche (D:8)
  An unseen horror (D:11)
  2 rime drakes (D:11)
  Jeremiah (D:9)
  A queen bee (D:10)
  3 trolls
  A hornet (D:9)
  A polar bear (IceCv)
  2 wraiths (D:11)
  19 yaks
  Grum (D:8)
  5 wyverns
  A basilisk (D:9)
  2 acid dragons
  A water moccasin (D:9)
  Duvessa (D:6)
  4 orc warriors
  3 black bears
  7 ogres
  3 ice beasts
  A sky beast (D:8)
  3 centaurs
  6 wolves
  A phantom (D:6)
  A kobold brigand (D:9)
  2 gnoll sergeants
  3 bullfrogs
  3 scorpions
  5 wights (D:9)
  Dowan (D:6)
  35 killer bees
  4 howler monkeys
  6 orc priests
  2 hounds
  2 jellies (D:6)
  7 iguanas
  8 orc wizards
  2 sleepcaps (D:7)
  Robin (D:3)
  9 gnolls
  3 adders
  2 white imps
  2 ufetubi (D:5)
  2 worms
  5 dart slugs
  25 orcs
  13 ball pythons
  6 bats
  5 endoplasms
  5 giant cockroaches
  22 goblins
  8 hobgoblins
  3 jackals (D:3)
  4 quokkas
  4 frilled lizards
  20 kobolds
  4 rats
302 creatures vanquished.

Vanquished Creatures (collateral kills)
  2 killer bees (D:10)
2 creatures vanquished.

Grand Total: 304 creatures vanquished

Notes
Turn   | Place    | Note
-------+----------+-------------------------------------------
     0 | D:1      | Maratek the Draconian Hunter began the quest for the Orb.
     0 | D:1      | Reached XP level 1. HP: 17/17 MP: 1/1
   262 | D:1      | Reached skill level 4 in Ranged Weapons
   262 | D:1      | Reached XP level 2. HP: 24/24 MP: 2/2
   528 | D:1      | Reached XP level 3. HP: 30/30 MP: 3/3
   973 | D:2      | Identified the +10 hand axe of Deutay {holy, Fly rN+ Str-3}
  1331 | D:3      | Reached XP level 4. HP: 34/37 MP: 4/4
  1343 | D:3      | Found Atimecza's Armour Shoppe.
  1367 | D:3      | Reached skill level 1 in Stealth
  1377 | D:3      | Identified the +1 pair of gloves "Beru" {-Tele Fly rPois
                  | rCorr}
  1449 | D:3      | Found Yzeejish's Antique Weapon Shoppe.
  1505 | D:3      | Found Faexoxen's Antique Armour Shop.
  1507 | D:3      | Found Zigoits's Antique Weapon Shop.
  1528 | D:3      | Found Xaron's Book Boutique.
  1702 | D:3      | Found a hide-covered altar of Uskayaw.
  1702 | D:3      | Found an opulent altar of Gozag.
  1781 | D:3      | Reached skill level 5 in Ranged Weapons
  1822 | D:3      | Noticed Robin
  1882 | D:3      | Killed Robin
  2128 | D:4      | Reached XP level 5. HP: 37/45 MP: 5/5
  2216 | D:4      | Noticed a black bear
  2230 | D:4      | Killed a black bear
  2573 | D:4      | Noticed a centaur
  2577 | D:4      | Killed a centaur
  2578 | D:4      | Reached skill level 6 in Ranged Weapons
  2578 | D:4      | Reached XP level 6. HP: 25/51 MP: 6/6
  3201 | D:5      | Entered Level 5 of the Dungeon
  3282 | D:5      | Your scales start taking on a lurid green colour.
  3282 | D:5      | Reached XP level 7. HP: 58/58 MP: 7/7
  3282 | D:5      | Gained mutation: Your system is resistant to poisons.
                  | (rPois) [Green Draconian growth]
  3378 | D:5      | Reached skill level 7 in Ranged Weapons
  3598 | D:4      | Reached skill level 5 in Fighting
  3797 | D:6      | Noticed Duvessa
  3811 | D:6      | Killed Duvessa
  3812 | D:6      | Reached XP level 8. HP: 62/69 MP: 8/8
  3846 | D:6      | Noticed Dowan
  3857 | D:6      | Killed Dowan
  3858 | D:6      | Reached skill level 8 in Ranged Weapons
  4353 | D:6      | Reached skill level 9 in Ranged Weapons
  4541 | D:7      | Found a staircase to the Ecumenical Temple.
  4586 | Temple   | Entered the Ecumenical Temple
  4609 | Temple   | Became a worshipper of Dithmenos the Shadowed
  5191 | D:7      | Reached XP level 9. HP: 77/77 MP: 9/9
  5480 | D:8      | Noticed Grum
  5544 | D:8      | Noticed a two-headed ogre
  5795 | D:8      | Reached skill level 10 in Ranged Weapons
  5796 | D:8      | Killed Grum
  6183 | D:8      | Killed a two-headed ogre
  6184 | D:8      | Reached skill level 11 in Ranged Weapons
  6266 | D:8      | Reached XP level 10. HP: 86/86 MP: 10/10
  6341 | D:8      | Reached * piety under Dithmenos
  6509 | D:8      | Noticed Psyche
  6515 | D:8      | Killed Psyche
  6637 | Bailey   | Identified the "Xyba"
  6744 | D:9      | Reached skill level 12 in Ranged Weapons
  6750 | D:9      | Noticed a two-headed ogre
  6761 | D:9      | Killed a two-headed ogre
  6904 | D:9      | Found a staircase to the Lair.
  7000 | D:9      | Reached ** piety under Dithmenos
  7076 | D:9      | Reached skill level 13 in Ranged Weapons
  7129 | D:9      | Found a staircase to the Orcish Mines.
  7209 | D:9      | Found a sparkling altar of Nemelex Xobeh.
  7435 | D:9      | Found a hazy altar of Hepliaklqana.
  7447 | D:9      | Noticed a two-headed ogre
  7460 | D:9      | Killed a two-headed ogre
  7461 | D:9      | Reached XP level 11. HP: 76/95 MP: 11/11
  7685 | D:9      | Noticed Jeremiah
  7710 | D:9      | Killed Jeremiah
  7751 | D:10     | Entered Level 10 of the Dungeon
  7791 | D:10     | Noticed Lodul
  7802 | D:10     | Killed Lodul
  7834 | D:10     | Found a blossoming altar of Fedhas.
  7957 | D:10     | Reached skill level 14 in Ranged Weapons
  7979 | D:10     | Reached *** piety under Dithmenos
  8107 | D:10     | Reached skill level 5 in Dodging
  8435 | D:10     | Reached **** piety under Dithmenos
  8599 | D:10     | Noticed Sonja
  8606 | D:10     | Killed Sonja
  8820 | D:11     | Reached skill level 10 in Fighting
  9062 | D:11     | Found Bollumul's Weapon Emporium.
  9258 | D:11     | Found a frozen archway.
  9264 | D:11     | Reached skill level 15 in Ranged Weapons
  9264 | D:11     | Reached XP level 12. HP: 89/106 MP: 12/12
  9372 | IceCv    | Entered an ice cave
  9439 | IceCv    | Killed by an exploding polar bear... ignited by their inner
                  | flame

Illustrated notes

Levels and vault maps discovered:
D:1:      giann_horns, layout_loops_ring, hangedman_decor_opposing
D:2:      layout_rooms
D:3:      kennysheep_goblin_castle, layout_rooms,
          gammafunk_temple_overflow_elements, serial_shops, shop,
          nicolae_shop_tiny_glass, shop, shop, shop
D:4:      layout_gridville
D:5:      layout_cave_pools
D:6:      layout_basic, uniq_duvessa
D:7:      layout_loops_ring, minmay_temple_entry_waves
D:8:      layout_cave_pools, kennysheep_decorative_pillar, uniq_psyche,
          uniq_grum
D:9:      layout_loops_cross, old_standard_altar, mainiacjoe_overflow_catwalk,
          minmay_lair_entry_grove, orc_0_dummy, enter_bailey_3, uniq_jeremiah
D:10:     layout_roguey [special_room_bee], fedhas_altar_1, uniq_lodul,
          uniq_sonja
D:11:     layout_roguey, serial_shops, nicolae_shop_hallway_plus, shop,
          portal_ice_cave_rime
Temple:   bh_familiar_temple
IceCv:    ice_cave_caverns_02

Skill      XL: |  1  2  3  4  5  6  7  8  9 10 11 |
---------------+----------------------------------+-----
Ranged Weapons | 4 5 6 7 9 11 13 15 | 15.1
Dodging        | 2 3 4 5 |  5.9
Stealth        | 1 2 3 |  3.5
Fighting       | 3 5 6 7 8 10 | 10.3

Action                     |  1- 3 |  4- 6 |  7- 9 | 10-12 || total
---------------------------+-------+-------+-------+-------++-------
   Fire: Shortbow          |   158 |   160 |   136 |       ||   454
         Arbalest          |       |       |   178 |   400 ||   578
Ability: Breathe Noxious F |       |       |    20 |    26 ||    46
    Use: Scroll            |     4 |     9 |     4 |     8 ||    25
         Potion            |       |       |     3 |     3 ||     6
 Armour: Skin              |    38 |    81 |   118 |   222 ||   459
  Dodge: Dodged            |    40 |    78 |   138 |   279 ||   535

Table legend: (Time is in decaauts)
 A = Elapsed time spent in this place.
 B = Non-inter-level travel time spent in this place.
 C = Inter-level travel time spent in this place.
 D = Time resting spent in this place.
 E = Time spent auto-exploring this place.
 F = Levels seen in this place.
 G = Mean time per level.
                   A        B        C        D        E       F      G
               +--------+--------+--------+--------+--------+-----+--------+
         Total |   9643 |   9192 |    451 |   1126 |   6176 |  13 |  741.8 |
       Dungeon |   9526 |   9118 |    408 |   1126 |   6148 |  11 |  866.0 |
        Temple |     45 |      2 |     43 |      0 |      0 |   1 |   45.0 |
      Ice Cave |     70 |     70 |      0 |      0 |     28 |   1 |   70.0 |
               +--------+--------+--------+--------+--------+-----+--------+

Top non-repeatable levels by time:
     D:4: 1280 daAuts
     D:9: 1179 daAuts
     D:7: 1161 daAuts
    D:10: 1158 daAuts
     D:8: 981 daAuts
     D:1: 847 daAuts
     D:6: 782 daAuts
     D:3: 773 daAuts
    D:11: 480 daAuts
     D:2: 463 daAuts
     D:5: 418 daAuts
   IceCv: 70 daAuts
  Temple: 45 daAuts
